 Dungeon Crawl Stone Soup version 0.28.0 (webtiles) character file.

Game seed: 2216746299720431977

66 RBrandon the Magician (level 4, 0/30 HPs)
             Began as a Formicid Air Elementalist on Feb 8, 2022.
             Slain by a goblin (3 damage)
             ... led by Robin
             ... on level 2 of the Dungeon.
             The game lasted 00:04:37 (2243 turns).

RBrandon the Magician (Formicid Air Elementalist)   Turns: 2243, Time: 00:04:37

Health: 0/30       AC:  2    Str: 13    XL:     4   Next: 37%
Magic:  2/8        EV: 12    Int: 16    God:
Gold:   84         SH:  0    Dex: 11    Spells: 3/9 levels left

rFire   . . .      SeeInvis +   g - +0 dagger
rCold   . . .      Faith    .   (no shield)
rNeg    . . .      Spirit   .   a - +0 robe
rPois   .          Reflect  .   (helmet unavailable)
rElec   .          Harm     .   (no cloak)
rCorr   .          Rampage  .   (no gloves)
Will    .....                   (no boots)
Stlth   ++........              (no amulet)
HPRegen 0.10/turn               (no ring)
MPRegen 0.11/turn               (no ring)

@: very slightly contaminated
A: permanent stasis, dig shafts and tunnels, antennae 3, four strong arms
a: Dig, Shaft Self


You were on level 2 of the Dungeon.
You visited 1 branch of the dungeon, and saw 2 of its levels.

You collected 84 gold pieces.

Inventory:

Hand Weapons
 g - a +0 dagger (weapon)
Armour
 a - a +0 robe (worn)
Scrolls
 b - a scroll of teleportation {unknown}
 d - a scroll of holy word {unknown}
 e - a scroll of amnesia {unknown}
Potions
 c - a potion of curing {unknown}
 f - a potion of flight {unknown}


   Skills:
 - Level 1.7 Dodging
 - Level 2.4 Stealth
 - Level 3.1 Spellcasting
 - Level 1.2 Conjurations
 + Level 2.2 Ice Magic
 - Level 2.6 Air Magic


You had 3 spell levels left.
You knew the following spells:

 Your Spells              Type           Power      Damage    Failure   Level
a - Shock                 Conj/Air       32%        1d5       9%          1
b - Static Discharge      Conj/Air       8%         N/A       13%         2
c - Frozen Ramparts       Ice            18%        1d3       22%         3

Your spell library contained the following spells:

 Spells                   Type           Power      Damage    Failure   Level
 Freeze                   Ice            36%        1d6       8%          1
 Corpse Rot               Necr/Air       12%        N/A       16%         2
 Poisonous Vapours        Pois/Air       12%        N/A       16%         2
 Airstrike                Air            5%         N/A       54%         4
 Hailstorm                Conj/Ice       8%         3d4       65%         4
 Swiftness                Air            Unusable   N/A       N/A         3

Dungeon Overview and Level Annotations

Branches:
Dungeon (2/15)

Altars:

Annotations:
D:2 Robin


Innate Abilities, Weirdness & Mutations

You cannot be hasted, slowed, berserked, paralysed or teleported.
You can dig through walls and to a lower floor.
You have a pair of large antennae on your head. (SInv)
Your four strong arms can wield two-handed weapons with a shield.


Message History

The zap hits the hobgoblin.
You kill the hobgoblin!
The zap hits Robin.
Robin is lightly wounded.
The goblin shouts!
Robin completely misses you.
You see here a +0 dagger.
The goblin shouts!
Robin barely misses you.
A goblin comes into view. It is wielding a +0 club.
The goblin shouts!
Robin hits you with a +0 spear.
Casting: Shock (safe; 9% risk of failure)
Confirm with . or Enter, or press ? or * to list all spells.
The goblin is struck by an arc of lightning!
You kill the goblin!
The lightning grounds out.
Robin hits you with a +0 spear.
Casting: Static Discharge (safe; 13% risk of failure)
Confirm with . or Enter, or press ? or * to list all spells.
You miscast Static Discharge.
You are very lightly contaminated with residual magic.
Nothing appears to happen.
Robin hits you with a +0 spear. Robin throws the goblin at you!
The goblin closely misses you.
You hit the goblin but do no damage. Robin barely misses you.
The goblin hits you with a +0 club.
* * * LOW HITPOINT WARNING * * *
You hit the goblin but do no damage. Robin hits you with a +0 spear.
* * * LOW HITPOINT WARNING * * *
The goblin closely misses you.
You closely miss the goblin. Robin throws the goblin at you!
The goblin completely misses you. The goblin hits you with a +0 club.
* * * LOW HITPOINT WARNING * * *
Robin hits you with a +0 spear.
* * * LOW HITPOINT WARNING * * *
The goblin hits you with a +0 club.
* * * LOW HITPOINT WARNING * * *
Robin throws the goblin at you!
* * * LOW HITPOINT WARNING * * *
The goblin hits you but does no damage. The goblin hits you with a +0 club.
You die...

################## #.#
.................# #.#
################.# ####.# ### #.#
#..... ..# #)####### #.....
#)###### #)##....# #.....
#)##...#########.##....########.#
...............g.g...............
#.##...#########@##...........#.#
#.##...# #g##...........#.#
#.##...# #.######.......#.#
#.##...# #.# #.......#.# #.##...#
#.# #....(..... #.##...# #.#
#.......... #.###### #.#
####...#... #.###### #.# #...#...
.......# #...#...


You could see Robin and 2 goblins.

Vanquished Creatures
  An adder (D:2)
  A worm (D:2)
  3 dart slugs (D:1)
  3 endoplasms
  A giant cockroach (D:2)
  9 goblins
  6 hobgoblins
  2 jackals (D:1)
  A quokka (D:2)
  6 ball pythons
  3 bats
  2 frilled lizards (D:2)
  3 kobolds
  4 rats
45 creatures vanquished.

Vanquished Creatures (others)
  8 plants (D:1)
8 creatures vanquished.

Grand Total: 53 creatures vanquished

Notes
Turn   | Place    | Note
-------+----------+-------------------------------------------
     0 | D:1      | RBrandon the Formicid Air Elementalist began the quest for
                  | the Orb.
     0 | D:1      | Reached XP level 1. HP: 13/13 MP: 3/3
   217 | D:1      | Reached XP level 2. HP: 18/19 MP: 2/5
   512 | D:1      | Reached skill level 3 in Spellcasting
   693 | D:1      | Reached skill level 1 in Conjurations
   790 | D:1      | Reached XP level 3. HP: 13/24 MP: 1/7
  1088 | D:1      | Found a faded altar of an unknown god.
  1463 | D:1      | Learned a level 2 spell: Static Discharge
  1496 | D:2      | Learned a level 3 spell: Frozen Ramparts
  1522 | D:2      | Reached skill level 1 in Ice Magic
  1617 | D:2      | Noticed Robin
  1745 | D:2      | Reached XP level 4. HP: 30/30 MP: 3/8
  2243 | D:2      | Slain by a goblin

Illustrated notes

Levels and vault maps discovered:
D:1:      sevenhm_arrival_forest_fort_small_4, layout_rooms,
          dilly_ecumenical_altar_fadedgnrine, minivault_11, minmay_door_square
D:2:      minmay_wonky_spiral, layout_basic, uniq_robin

Skill      XL: |  1  2  3  4 |
---------------+-------------+-----
Spellcasting   | 3 |  3.1
Conjurations   | 1 |  1.2
Ice Magic      | 1 2 |  2.2
Dodging        | |  1.7
Stealth        | |  2.4
Air Magic      | |  2.6

Action                   |  1- 3 |  4- 6 || total
-------------------------+-------+-------++-------
Melee: Unarmed           |     7 |     4 ||    11
       Punch             |     1 |     1 ||     2
       Dagger            |       |    34 ||    34
 Cast: Shock             |    51 |    21 ||    72
       Static Discharge  |     2 |     4 ||     6
Armor: Robe              |     8 |    28 ||    36
Dodge: Dodged            |    30 |    39 ||    69

Table legend: (Time is in decaauts)
 A = Elapsed time spent in this place.
 B = Non-inter-level travel time spent in this place.
 C = Inter-level travel time spent in this place.
 D = Time resting spent in this place.
 E = Time spent auto-exploring this place.
 F = Levels seen in this place.
 G = Mean time per level.
                   A        B        C        D        E       F      G
               +--------+--------+--------+--------+--------+-----+--------+
         Total |   2251 |   2215 |     36 |    340 |   1472 |   2 | 1125.5 |
       Dungeon |   2251 |   2215 |     36 |    340 |   1472 |   2 | 1125.5 |
               +--------+--------+--------+--------+--------+-----+--------+

Top non-repeatable levels by time:
     D:1: 1450 daAuts
     D:2: 800 daAuts

Table legend:
 A = Kills in this place as a percentage of kills in entire the game.
 B = Kills by you in this place as a percentage of kills by you in the entire game.
 C = Kills by friends in this place as a percentage of kills by friends in the entire game.
 D = Other kills in this place as a percentage of other kills in the entire game.
 E = Experience gained in this place as a percentage of experience gained in the entire game.
 F = Experience gained in this place divided by the number of levels of this place that you have seen.
                   A       B       C       D       E      F
               +-------+-------+-------+-------+-------+----------------------
         Total | 100.0 | 100.0 |   N/A |   N/A | 100.0 |  47.5
       Dungeon | 100.0 | 100.0 |   N/A |   N/A | 100.0 |  47.5
               +-------+-------+-------+-------+-------+----------------------
